[Event "FIDE Grand Swiss 2023"]
[Site "Villa Marina, Douglas, Isle of Man"]
[Date "2023.10.30"]
[Round "6.20"]
[White "Bacrot, Etienne"]
[Black "Huschenbeth, Niclas"]
[Result "1-0"]
[WhiteElo "2669"]
[BlackElo "2605"]
[EventDate "2023.10.25"]
[ECO "B90"]
[PlyCount "75"]
[BlackFideId "24604747"]
[TimeControl "40/100 + 20/50 + 15 + 30s/move"]
[WhiteFideId "605506"]

1.e4 c5 2.Nf3 d6 3.d4 cxd4 4.Nxd4 Nf6 5.Nc3 a6 6.Be3 e5 7.Nb3 Be7 8.f3 Be6 9.Qd2 O-O 10.O-O-O b5 11.g4 Nbd7 12.g5 b4 13.gxf6 bxc3 14.Qxc3 Nxf6 15.Na5 Rc8 16.Nc6 Qe8 17.Nxe7+ Qxe7 18.Qa5 Rc6 19.Rd2 Rfc8 20.Rg1 Nd7 21.Kb1 g6 22.Be2 Nc5 23.Rc1 Nb7 24.Qa3 Qc7 25.f4 exf4 26.Bxf4 Nc5 27.Bf3 Rb6 28.c4 Qb7 29.Qe3 Rb8 30.Rcc2 Bxc4 31.e5 Bxa2+ 32.Kxa2 Qd7 33.Qxc5 Qa4+ 34.Qa3 Qxf4 35.exd6 Rb4 36.Bc6 Qe5 37.d7 Qe6+ 38.b3 1-0

[Event "FIDE Grand Swiss 2023"]
[Site "Villa Marina, Douglas, Isle of Man"]
[Date "2023.10.30"]
[Round "6.21"]
[White "Kuzubov, Yuriy"]
[Black "Bluebaum, Matthias"]
[Result "1-0"]
[WhiteElo "2625"]
[BlackElo "2668"]
[EventDate "2023.10.25"]
[ECO "D38"]
[PlyCount "59"]
[BlackFideId "24651516"]
[TimeControl "40/100 + 20/50 + 15 + 30s/move"]
[WhiteFideId "14112906"]

1.d4 Nf6 2.c4 e6 3.Nf3 d5 4.Nc3 Bb4 5.Bg5 O-O 6.e3 c5 7.cxd5 exd5 8.Bd3 h6 9.Bxf6 Qxf6 10.O-O Be6 11.Rc1 c4 12.Bb1 Nc6 13.e4 dxe4 14.Bxe4 Bf5 15.Qc2 Bxc3 16.bxc3 Bxe4 17.Qxe4 b5 18.Rfe1 Rad8 19.a4 a6 20.axb5 axb5 21.Ra1 Ra8 22.Rxa8 Rxa8 23.d5 Na5 24.d6 Rd8 25.Qd5 g6 26.Qxb5 Qxc3 27.d7 Kg7 28.h4 Nb3 29.Re8 Qc1+ 30.Ne1 1-0

[Event "FIDE Grand Swiss 2023"]
[Site "Villa Marina, Douglas, Isle of Man"]
[Date "2023.10.30"]
[Round "6.22"]
[White "Rodrigue-Lemieux, Shawn"]
[Black "Cheparinov, Ivan"]
[Result "1/2-1/2"]
[WhiteElo "2488"]
[BlackElo "2658"]
[EventDate "2023.10.25"]
[ECO "B30"]
[PlyCount "73"]
[BlackFideId "2905540"]
[TimeControl "40/100 + 20/50 + 15 + 30s/move"]
[WhiteFideId "2620049"]

1.e4 c5 2.Nf3 Nc6 3.Bb5 e6 4.O-O Nge7 5.Re1 Nd4 6.Nxd4 cxd4 7.c3 a6 8.Bf1 Nc6 9.d3 Bc5 10.Nd2 d6 11.Nb3 e5 12.Nxc5 dxc5 13.f4 exf4 14.Bxf4 O-O 15.Qh5 f5 16.g3 Be6 17.c4 fxe4 18.Rxe4 Bf5 19.Ree1 Qf6 20.a3 h6 21.h4 Rac8 22.Rad1 Ne7 23.Rd2 Qg6 24.Qf3 Bg4 25.Qg2 Nf5 26.Rf2 Kh7 27.Kh2 Rc6 28.Re5 Rcf6 29.Qe4 Ne3 30.Qxg6+ Kxg6 31.Rxc5 Nxf1+ 32.Rxf1 Re8 33.Rf2 Rfe6 34.Rd5 Re2 35.Rxe2 Rxe2+ 36.Kg1 Rxb2 37.Rxd4 1/2-1/2

[Event "FIDE Grand Swiss 2023"]
[Site "Villa Marina, Douglas, Isle of Man"]
[Date "2023.10.30"]
[Round "6.23"]
[White "Korobov, Anton"]
[Black "Kuybokarov, Temur"]
[Result "1-0"]
[WhiteElo "2658"]
[BlackElo "2584"]
[EventDate "2023.10.25"]
[ECO "E60"]
[PlyCount "95"]
[BlackFideId "14203049"]
[TimeControl "40/100 + 20/50 + 15 + 30s/move"]
[WhiteFideId "14105730"]

1.d4 Nf6 2.c4 g6 3.g3 Bg7 4.Bg2 O-O 5.Nf3 c5 6.Nc3 d5 7.dxc5 Qa5 8.cxd5 Nxd5 9.Qxd5 Bxc3+ 10.Bd2 Rd8 11.Qxd8+ Qxd8 12.Bxc3 Qc7 13.Rc1 Be6 14.h4 Bxa2 15.h5 f6 16.hxg6 hxg6 17.Ra1 Bd5 18.Ra4 Nd7 19.Rah4 Nf8 20.e4 Ba2 21.e5 Qxc5 22.exf6 exf6 23.O-O Nh7 24.Rd1 Be6 25.Nd4 Rd8 26.Bxb7 Ng5 27.Bg2 Bf7 28.Ra1 Rd7 29.Ra6 Rd6 30.Ra5 Qc7 31.Kh2 a6 32.Nc2 Rd3 33.Rxa6 Rxc3 34.bxc3 Qxc3 35.Nd4 Qc5 36.Rxf6 Kg7 37.Rc6 Qe5 38.Ra6 Qc5 39.Rc6 Qe5 40.Rb6 Nh7 41.Rb7 Nf6 42.Nc6 Qe8 43.Rd4 Kh6 44.Re7 Qf8 45.Rf4 Kg7 46.Kg1 g5 47.Rf5 g4 48.Rf4 1-0

[Event "FIDE Grand Swiss 2023"]
[Site "Villa Marina, Douglas, Isle of Man"]
[Date "2023.10.30"]
[Round "6.24"]
[White "Aronian, Levon"]
[Black "Kollars, Dmitrij"]
[Result "1-0"]
[WhiteElo "2742"]
[BlackElo "2633"]
[EventDate "2023.10.25"]
[ECO "C50"]
[PlyCount "109"]
[BlackFideId "12909572"]
[TimeControl "40/100 + 20/50 + 15 + 30s/move"]
[WhiteFideId "13300474"]

1.e4 e5 2.Nf3 Nc6 3.Bc4 Bc5 4.O-O Nf6 5.d3 d6 6.c3 a5 7.Re1 O-O 8.h3 Be6 9.Bb5 Ba7 10.Be3 Bxe3 11.Rxe3 Bd7 12.a4 Re8 13.Nbd2 Ne7 14.d4 Ng6 15.Bf1 h6 16.g3 Nh7 17.Nc4 Qc8 18.Kh2 Bc6 19.d5 Bd7 20.b4 b6 21.bxa5 bxa5 22.Ncd2 Rf8 23.Ra2 Ne7 24.Re1 Qb7 25.Bd3 Qa7 26.Qe2 f5 27.Bb5 Nf6 28.c4 Rf7 29.exf5 Nxf5 30.g4 Nd4 31.Nxd4 exd4 32.Kg2 Bxb5 33.axb5 Nd7 34.f4 d3 35.Qe4 Raf8 36.f5 g6 37.Nf3 gxf5 38.Qe6 fxg4 39.hxg4 Ne5 40.Nxe5 dxe5 41.g5 Qb6 42.Rxe5 Qxe6 43.dxe6 Rg7 44.Rd2 Rd8 45.e7 Re8 46.Rxd3 Rexe7 47.Rxe7 Rxe7 48.gxh6 Kh7 49.Kf3 Kxh6 50.Re3 Rd7 51.Ke4 Kg6 52.Rf3 Rf7 53.Rg3+ Kf6 54.Kd5 a4 55.c5 1-0

[Event "FIDE Grand Swiss 2023"]
[Site "Villa Marina, Douglas, Isle of Man"]
[Date "2023.10.30"]
[Round "6.25"]
[White "Sargsyan, Shant"]
[Black "Praggnanandhaa, R"]
[Result "1/2-1/2"]
[WhiteElo "2631"]
[BlackElo "2738"]
[EventDate "2023.10.25"]
[ECO "E04"]
[PlyCount "73"]
[BlackFideId "25059530"]
[TimeControl "40/100 + 20/50 + 15 + 30s/move"]
[WhiteFideId "13306766"]

1.d4 Nf6 2.c4 e6 3.Nf3 d5 4.g3 dxc4 5.Bg2 a6 6.O-O b5 7.a4 Bb7 8.axb5 axb5 9.Rxa8 Bxa8 10.Bg5 Be7 11.Nc3 Bxf3 12.Bxf3 c6 13.Bxf6 Bxf6 14.e3 O-O 15.Qa1 e5 16.d5 b4 17.Ne4 cxd5 18.Rd1 d4 19.Qc1 c3 20.bxc3 bxc3 21.Nxc3 g6 22.Nd5 Bg7 23.h4 h5 24.exd4 exd4 25.Nb4 Qd6 26.Nd3 Rd8 27.Kg2 Nd7 28.Qc4 Ne5 29.Nxe5 Bxe5 30.Ra1 Kg7 31.Ra7 Rd7 32.Rxd7 Qxd7 33.Qd3 Bc7 34.Be2 Qd6 35.Qf3 Qf6 36.Qxf6+ Kxf6 37.Kf3 1/2-1/2

[Event "FIDE Grand Swiss 2023"]
[Site "Villa Marina, Douglas, Isle of Man"]
[Date "2023.10.30"]
[Round "6.26"]
[White "Aryan, Chopra"]
[Black "Harikrishna, Pentala"]
[Result "1/2-1/2"]
[WhiteElo "2634"]
[BlackElo "2716"]
[EventDate "2023.10.25"]
[ECO "C53"]
[PlyCount "104"]
[BlackFideId "5007003"]
[TimeControl "40/100 + 20/50 + 15 + 30s/move"]
[WhiteFideId "5084423"]

1.e4 e5 2.Nf3 Nc6 3.Bc4 Bc5 4.c3 Nf6 5.d4 exd4 6.e5 d5 7.Bb5 Ne4 8.cxd4 Bb6 9.Nc3 O-O 10.Be3 Bg4 11.h3 Bh5 12.Qc2 Bg6 13.Qb3 Ne7 14.O-O c6 15.Bd3 Nd2 16.Nxd2 Bxd3 17.Rfe1 Bg6 18.Na4 Nf5 19.Nf3 Ba5 20.Re2 Nxe3 21.Qxe3 Re8 22.Nc5 Qe7 23.Rc1 Rac8 24.g3 Bb6 25.b4 a5 26.a3 axb4 27.axb4 Ra8 28.Nh4 Bd8 29.Nxg6 hxg6 30.Qb3 Bb6 31.Rec2 Bxc5 32.Rxc5 Qd7 33.b5 Re6 34.Kg2 g5 35.bxc6 bxc6 36.Qc2 Rh6 37.g4 Ra6 38.Rb1 Ra8 39.Qc1 Rg6 40.Rb6 Rc8 41.Qb1 Re6 42.Ra5 Re7 43.Qc2 Qe6 44.Rc5 Rec7 45.Rb3 f6 46.Re3 Rf8 47.Qg6 Qf7 48.Qf5 fxe5 49.Rxe5 Qxf5 50.gxf5 Rcf7 51.Rxc6 Rxf5 52.Rxf5 Rxf5 1/2-1/2

[Event "FIDE Grand Swiss 2023"]
[Site "Villa Marina, Douglas, Isle of Man"]
[Date "2023.10.30"]
[Round "6.27"]
[White "Tari, Aryan"]
[Black "Xiong, Jeffery"]
[Result "1-0"]
[WhiteElo "2619"]
[BlackElo "2693"]
[EventDate "2023.10.25"]
[ECO "C67"]
[PlyCount "71"]
[BlackFideId "2047640"]
[TimeControl "40/100 + 20/50 + 15 + 30s/move"]
[WhiteFideId "1510045"]

1.e4 e5 2.Nf3 Nc6 3.Bb5 Nf6 4.O-O Nxe4 5.Re1 Nd6 6.Bf1 Be7 7.Nc3 f6 8.d4 Nf7 9.Nd5 d6 10.b4 O-O 11.b5 Nb8 12.c4 Re8 13.Bd3 Nd7 14.Nh4 Nf8 15.Nf5 Bxf5 16.Bxf5 g6 17.Be4 Rb8 18.Ba3 Nd7 19.dxe5 Ndxe5 20.f4 Nxc4 21.Qd3 Nxa3 22.Bxg6 hxg6 23.Qxg6+ Kf8 24.Re3 f5 25.Rg3 Bg5 26.fxg5 Re5 27.Nf6 Nxb5 28.Rh3 d5 29.Rh7 Nbd6 30.Rg7 Ke7 31.Rg8 f4 32.Rxd8 Rxd8 33.h4 Rh8 34.Qg7 Nf5 35.Nxd5+ Rxd5 36.Qf6+ 1-0

[Event "FIDE Grand Swiss 2023"]
[Site "Villa Marina, Douglas, Isle of Man"]
[Date "2023.10.30"]
[Round "6.28"]
[White "Murzin, Volodar"]
[Black "Grandelius, Nils"]
[Result "1/2-1/2"]
[WhiteElo "2633"]
[BlackElo "2689"]
[EventDate "2023.10.25"]
[ECO "B90"]
[PlyCount "115"]
[BlackFideId "1710400"]
[TimeControl "40/100 + 20/50 + 15 + 30s/move"]
[WhiteFideId "44155573"]

1.e4 c5 2.Nf3 d6 3.d4 cxd4 4.Nxd4 Nf6 5.Nc3 a6 6.Be3 e5 7.Nb3 Be7 8.f3 Be6 9.Qd2 h5 10.O-O-O Nbd7 11.Kb1 b5 12.Nd5 Bxd5 13.exd5 Nb6 14.Bxb6 Qxb6 15.Na5 Rc8 16.Nc6 Nxd5 17.Nxe7 Nxe7 18.Qxd6 Qxd6 19.Rxd6 Nc6 20.Rd2 Ke7 21.Bd3 g6 22.Rhd1 Rhd8 23.a4 Rb8 24.Be4 Rxd2 25.Rxd2 Nd4 26.f4 Kf6 27.a5 b4 28.Bd5 Rb5 29.fxe5+ Kxe5 30.Bxf7 g5 31.Bxh5 Rxa5 32.Bg6 Rc5 33.Rf2 a5 34.Rf8 Ne6 35.Re8 Kf6 36.Bh5 Nd4 37.Bd1 Rd5 38.g3 Rd7 39.Ra8 Rd5 40.Ra6+ Ke7 41.h4 gxh4 42.gxh4 Nf5 43.Bf3 Re5 44.h5 b3 45.cxb3 Re1+ 46.Ka2 Nd4 47.h6 Nc2 48.b4 Nxb4+ 49.Kb3 Re3+ 50.Kc4 Rxf3 51.Ra8 Rf4+ 52.Kb5 Rf5+ 53.Ka4 Rf8 54.Rxf8 Kxf8 55.Kxa5 Nd3 56.b3 Kg8 57.Kb5 Nc1 58.b4 1/2-1/2

[Event "FIDE Grand Swiss 2023"]
[Site "Villa Marina, Douglas, Isle of Man"]
[Date "2023.10.30"]
[Round "6.29"]
[White "Navara, David"]
[Black "Svane, Frederik"]
[Result "0-1"]
[WhiteElo "2689"]
[BlackElo "2626"]
[EventDate "2023.10.25"]
[ECO "C80"]
[PlyCount "98"]
[BlackFideId "12923044"]
[TimeControl "40/100 + 20/50 + 15 + 30s/move"]
[WhiteFideId "309095"]

1.e4 e5 2.Nf3 Nc6 3.Bb5 a6 4.Ba4 Nf6 5.O-O Nxe4 6.d4 b5 7.Bb3 d5 8.dxe5 Be6 9.Be3 Be7 10.c3 Qd7 11.Nbd2 Rd8 12.h3 O-O 13.Bc2 Bf5 14.Nb3 Bg6 15.Nbd4 Na5 16.e6 Qd6 17.Bxe4 dxe4 18.exf7+ Rxf7 19.Ng5 Rf6 20.Qg4 c5 21.Nde6 h5 22.Qe2 Rxe6 23.Bxc5 Bxg5 24.Bxd6 Rexd6 25.Rfd1 Rd2 26.Qe1 Nc4 27.b3 Nb2 28.Rxd2 Rxd2 29.Qf1 Nd3 30.a4 e3 31.fxe3 Bxe3+ 32.Kh2 Be4 33.axb5 axb5 34.Ra5 Bf4+ 35.Kg1 Bxg2 36.Qxg2 Rd1+ 37.Qf1 Be3+ 38.Kg2 Nf4+ 39.Qxf4 Bxf4 40.Rxb5 Rd3 41.Rf5 Bd2 42.c4 Rxb3 43.Rxh5 Rc3 44.Rh4 Bg5 45.Rg4 Bf6 46.Re4 Kf7 47.Kh2 Kg6 48.Kg2 Kf5 49.Rg4 Be5 0-1

[Event "FIDE Grand Swiss 2023"]
[Site "Villa Marina, Douglas, Isle of Man"]
[Date "2023.10.30"]
[Round "6.30"]
[White "Tabatabaei, M. Amin"]
[Black "Durarbayli, Vasif"]
[Result "1/2-1/2"]
[WhiteElo "2685"]
[BlackElo "2625"]
[EventDate "2023.10.25"]
[ECO "E00"]
[PlyCount "93"]
[BlackFideId "13402935"]
[TimeControl "40/100 + 20/50 + 15 + 30s/move"]
[WhiteFideId "12521213"]

1.d4 d5 2.c4 e6 3.Nf3 Nf6 4.g3 Bb4+ 5.Bd2 Be7 6.Bg2 O-O 7.O-O Nbd7 8.Qc2 c6 9.a4 a5 10.Rc1 Ne4 11.Ne1 Nd6 12.c5 Nf5 13.Nf3 b6 14.cxb6 Bb7 15.g4 Nh4 16.Nxh4 Bxh4 17.Ra3 f5 18.gxf5 Rxf5 19.Rf3 Rxf3 20.Bxf3 Qxb6 21.Be3 Bf6 22.Nd2 Bxd4 23.Nc4 dxc4 24.Bxd4 c5 25.Bxb7 Qxb7 26.Be3 Rf8 27.Rd1 Rf6 28.f3 h6 29.Qxc4 Ne5 30.Qc2 Rg6+ 31.Kf1 Kh7 32.h4 h5 33.Qxc5 Qxb2 34.Bf4 Nf7 35.Qxh5+ Nh6 36.Qxa5 Nf5 37.h5 Rf6 38.Qd2 Qb3 39.Ra1 Qc4 40.Bg5 Ng3+ 41.Kg2 Ne4 42.fxe4 Qxe4+ 43.Kh3 Qf5+ 44.Kh4 Qf2+ 45.Kh3 Qf5+ 46.Kh4 Qe4+ 47.Kh3 1/2-1/2

[Event "FIDE Grand Swiss 2023"]
[Site "Villa Marina, Douglas, Isle of Man"]
[Date "2023.10.30"]
[Round "6.31"]
[White "Abasov, Nijat"]
[Black "Petrosyan, Manuel"]
[Result "1/2-1/2"]
[WhiteElo "2679"]
[BlackElo "2604"]
[EventDate "2023.10.25"]
[ECO "E32"]
[PlyCount "67"]
[BlackFideId "13300857"]
[TimeControl "40/100 + 20/50 + 15 + 30s/move"]
[WhiteFideId "13402960"]

1.c4 Nf6 2.Nc3 e6 3.d4 Bb4 4.Qc2 O-O 5.a3 Bxc3+ 6.Qxc3 d6 7.g3 e5 8.Bg2 exd4 9.Qxd4 Nc6 10.Qc3 Re8 11.Bg5 Ne5 12.Nf3 h6 13.Bxf6 Qxf6 14.Nxe5 Qxe5 15.Qxe5 dxe5 16.O-O-O c6 17.Kc2 Kf8 18.Kc3 Bg4 19.Rd2 Rad8 20.Rhd1 Ke7 21.b4 f6 22.Rxd8 Rxd8 23.Rxd8 Kxd8 24.e3 Kc7 25.c5 g5 26.f4 Be2 27.fxe5 fxe5 28.Be4 b6 29.h4 bxc5 30.bxc5 Kd7 31.hxg5 hxg5 32.Bf5+ Ke7 33.Be4 Kd7 34.Bf5+ 1/2-1/2

[Event "FIDE Grand Swiss 2023"]
[Site "Villa Marina, Douglas, Isle of Man"]
[Date "2023.10.30"]
[Round "6.32"]
[White "Matlakov, Maxim"]
[Black "Ter-Sahakyan, Samvel"]
[Result "0-1"]
[WhiteElo "2674"]
[BlackElo "2618"]
[EventDate "2023.10.25"]
[ECO "A20"]
[PlyCount "88"]
[BlackFideId "13302531"]
[TimeControl "40/100 + 20/50 + 15 + 30s/move"]
[WhiteFideId "4168003"]

1.c4 e5 2.g3 c6 3.Nf3 e4 4.Nd4 d5 5.cxd5 Qxd5 6.Nc2 Nf6 7.Nc3 Qe5 8.Bg2 Na6 9.Rb1 h5 10.d4 exd3 11.Qxd3 Nb4 12.Nxb4 Bxb4 13.Bf4 Qf5 14.e4 Qd7 15.Qc2 h4 16.gxh4 Rxh4 17.Bg3 Rh6 18.O-O Nh5 19.Qa4 Bc5 20.Qc4 Nxg3 21.hxg3 Bb6 22.Na4 Bc7 23.Qe2 Qd4 24.b4 Bxg3 25.Rfd1 Bh2+ 26.Kf1 Qe5 27.b5 Rf6 28.Nb2 Qg5 29.Qd2 Qxd2 30.Rxd2 cxb5 31.Nd3 Rb6 32.Nb4 Bf4 33.Rd3 Be6 34.Nd5 Bxd5 35.Rxd5 b4 36.e5 Rd8 37.Rc5 g5 38.Rc7 Rd2 39.Bxb7 Bxe5 40.Re1 f6 41.Rh7 Rxa2 42.Kg2 Rd6 43.Rc1 Bc3 44.Rch1 Kd8 0-1

[Event "FIDE Grand Swiss 2023"]
[Site "Villa Marina, Douglas, Isle of Man"]
[Date "2023.10.30"]
[Round "6.33"]
[White "Anton Guijarro, David"]
[Black "Maurizzi, Marc`andria"]
[Result "1-0"]
[WhiteElo "2653"]
[BlackElo "2555"]
[EventDate "2023.10.25"]
[ECO "D30"]
[PlyCount "87"]
[BlackFideId "36083534"]
[TimeControl "40/100 + 20/50 + 15 + 30s/move"]
[WhiteFideId "2285525"]

1.d4 d5 2.c4 e6 3.Nf3 Nf6 4.Nc3 a6 5.cxd5 exd5 6.Bg5 Be6 7.e3 Nbd7 8.h3 c6 9.Bd3 Bd6 10.Bf4 Qc7 11.Bxd6 Qxd6 12.O-O O-O 13.a3 a5 14.Qc2 Rfe8 15.Rfc1 Rac8 16.Na4 Ne4 17.Bxe4 dxe4 18.Nd2 Bf5 19.Nf1 b6 20.b4 axb4 21.axb4 h5 22.Ng3 Bg6 23.Qb3 Ra8 24.Nc3 Nf6 25.Rxa8 Rxa8 26.b5 cxb5 27.Nxb5 Qd7 28.Nc3 h4 29.Nge2 Bf5 30.Nf4 Rc8 31.Qxb6 Kh7 32.Qa5 g5 33.Qe5 Rc6 34.d5 Ra6 35.Nfe2 Kg6 36.Nd4 Ra8 37.Nc6 Re8 38.Qd4 Kg7 39.Ne5 Qe7 40.Nc4 Kg6 41.Ra1 g4 42.Ra7 Bd7 43.Ra6 Kg5 44.Nd6 1-0

[Event "FIDE Grand Swiss 2023"]
[Site "Villa Marina, Douglas, Isle of Man"]
[Date "2023.10.30"]
[Round "6.34"]
[White "Mareco, Sandro"]
[Black "Pichot, Alan"]
[Result "1/2-1/2"]
[WhiteElo "2606"]
[BlackElo "2650"]
[EventDate "2023.10.25"]
[ECO "E10"]
[PlyCount "94"]
[BlackFideId "110973"]
[TimeControl "40/100 + 20/50 + 15 + 30s/move"]
[WhiteFideId "112275"]

1.d4 Nf6 2.c4 e6 3.Nf3 a6 4.Nc3 d5 5.cxd5 exd5 6.Bg5 Be6 7.e3 Nbd7 8.Bd3 Bd6 9.h3 c6 10.Bf4 Qc7 11.Qd2 O-O 12.O-O Rfe8 13.Bxd6 Qxd6 14.Rac1 Nb6 15.Qc2 Qe7 16.Rfe1 g6 17.Ne5 Nc8 18.f3 Nh5 19.Rcd1 Nd6 20.Qf2 Rad8 21.Bb1 f6 22.Nd3 f5 23.Ne2 Bc8 24.Nef4 Qg5 25.a3 Re7 26.Ba2 Kh8 27.Ne5 Rde8 28.Qd2 Qh6 29.Nxh5 Qxh5 30.Re2 g5 31.Rf2 Nf7 32.Nxf7+ Rxf7 33.Re1 Rfe7 34.e4 g4 35.fxg4 fxg4 36.hxg4 Bxg4 37.Qb4 dxe4 38.Ref1 Bf3 39.gxf3 Rg7+ 40.Rg2 Rxg2+ 41.Kxg2 Qg5+ 42.Kh3 Re7 43.Qd6 Qh5+ 44.Kg3 Rg7+ 45.Kf2 Qxf3+ 46.Ke1 Qe3+ 47.Kd1 Qd3+ 1/2-1/2

[Event "FIDE Grand Swiss 2023"]
[Site "Villa Marina, Douglas, Isle of Man"]
[Date "2023.10.30"]
[Round "6.35"]
[White "Mishra, Abhimanyu"]
[Black "Ponomariov, Ruslan"]
[Result "1/2-1/2"]
[WhiteElo "2592"]
[BlackElo "2641"]
[EventDate "2023.10.25"]
[ECO "C54"]
[PlyCount "59"]
[BlackFideId "14103320"]
[TimeControl "40/100 + 20/50 + 15 + 30s/move"]
[WhiteFideId "30920019"]

1.e4 e5 2.Nf3 Nc6 3.Bc4 Nf6 4.d3 Bc5 5.c3 d6 6.O-O a5 7.Re1 Ba7 8.Na3 h6 9.Nb5 Bb6 10.Be3 Bxe3 11.Rxe3 O-O 12.a4 Re8 13.Qb3 Be6 14.Bxe6 Rxe6 15.d4 Re8 16.Rae1 g6 17.h3 Kg7 18.dxe5 dxe5 19.Rd1 Qe7 20.Na3 b6 21.Qc4 Rad8 22.Rxd8 Nxd8 23.b4 Nb7 24.Qc6 Nd6 25.bxa5 bxa5 26.Nb5 Rb8 27.Qc5 Re8 28.Qc6 Rb8 29.Qc5 Re8 30.Qc6 1/2-1/2

[Event "FIDE Grand Swiss 2023"]
[Site "Villa Marina, Douglas, Isle of Man"]
[Date "2023.10.30"]
[Round "6.36"]
[White "Gukesh, D"]
[Black "Suleymanli, Aydin"]
[Result "0-1"]
[WhiteElo "2758"]
[BlackElo "2588"]
[EventDate "2023.10.25"]
[ECO "D02"]
[PlyCount "86"]
[BlackFideId "13413937"]
[TimeControl "40/100 + 20/50 + 15 + 30s/move"]
[WhiteFideId "46616543"]

1.d4 Nf6 2.Bf4 d5 3.e3 c5 4.c3 e6 5.Nf3 Bd6 6.Nbd2 O-O 7.Ne5 c4 8.Bg5 Nbd7 9.f4 Qc7 10.a4 Ne8 11.Bh4 f6 12.Ng4 e5 13.g3 exd4 14.exd4 g5 15.Ne3 gxh4 16.Nxd5 Qd8 17.Bxc4 Kh8 18.Ne3 Ng7 19.Nf3 h3 20.O-O b6 21.Bd5 Rb8 22.Qd3 Re8 23.Nc4 Nf8 24.Be4 Bb7 25.Rfe1 Bxe4 26.Rxe4 Qd7 27.Rae1 Rxe4 28.Rxe4 Bc7 29.b3 Ng6 30.Kf2 Nf5 31.Ncd2 Nd6 32.Re1 Qg4 33.Ke2 h5 34.Kd1 h4 35.Kc2 hxg3 36.hxg3 Kg7 37.Nf1 Kf7 38.Nh4 Rg8 39.Nh2 Qh5 40.N2f3 Nxh4 41.Nxh4 Re8 42.Rxe8 Kxe8 43.Qf1 Qg4 0-1

[Event "FIDE Grand Swiss 2023"]
[Site "Villa Marina, Douglas, Isle of Man"]
[Date "2023.10.30"]
[Round "6.37"]
[White "Vachier-Lagrave, Maxime"]
[Black "Idani, Pouya"]
[Result "1-0"]
[WhiteElo "2727"]
[BlackElo "2633"]
[EventDate "2023.10.25"]
[ECO "B12"]
[PlyCount "81"]
[BlackFideId "12510130"]
[TimeControl "40/100 + 20/50 + 15 + 30s/move"]
[WhiteFideId "623539"]

1.e4 c6 2.d4 d5 3.e5 c5 4.Nf3 cxd4 5.Nxd4 Nc6 6.Bb5 Bd7 7.Nxc6 Bxc6 8.Bd3 d4 9.Qe2 e6 10.O-O Qd5 11.f3 Bc5 12.Kh1 Ne7 13.c4 Qd7 14.Nd2 Nf5 15.Nb3 b6 16.Nxc5 bxc5 17.Kg1 a5 18.b3 Bb7 19.Ba3 Rc8 20.Bxf5 exf5 21.e6 Qxe6 22.Rfe1 Qxe2 23.Rxe2+ Kd7 24.Rae1 Kc6 25.Re7 a4 26.R1e5 Kb6 27.Kf2 d3 28.Ke3 axb3 29.axb3 Rhd8 30.Kd2 Ra8 31.Bxc5+ Kc6 32.b4 Ra2+ 33.Kc3 Rc2+ 34.Kb3 Ba6 35.b5+ Bxb5 36.cxb5+ Kxb5 37.Bb4+ Kc6 38.Rxf7 d2 39.Re6+ Kd5 40.Rd6+ Rxd6 41.Kxc2 1-0

[Event "FIDE Grand Swiss 2023"]
[Site "Villa Marina, Douglas, Isle of Man"]
[Date "2023.10.30"]
[Round "6.38"]
[White "Van Foreest, Jorden"]
[Black "Gledura, Benjamin"]
[Result "0-1"]
[WhiteElo "2707"]
[BlackElo "2633"]
[EventDate "2023.10.25"]
[ECO "B90"]
[PlyCount "133"]
[BlackFideId "712779"]
[TimeControl "40/100 + 20/50 + 15 + 30s/move"]
[WhiteFideId "1039784"]

1.e4 c5 2.Nf3 d6 3.d4 cxd4 4.Nxd4 Nf6 5.Nc3 a6 6.Qd3 e6 7.g4 Nxg4 8.Rg1 h5 9.h3 Ne5 10.Qg3 h4 11.Qg2 Nbc6 12.Nb3 g5 13.Be3 Be7 14.O-O-O Bd7 15.f3 b5 16.Kb1 Qc7 17.Qf2 Rc8 18.Bxg5 Bxg5 19.Rxg5 b4 20.Na4 Qa7 21.Qxa7 Nxa7 22.Nb6 Rc6 23.Nxd7 Nxd7 24.Ra5 Nb8 25.Ra4 Rb6 26.Na5 Nc8 27.Nc4 Rb7 28.Rxd6 Nxd6 29.Nxd6+ Ke7 30.Nxb7 Rg8 31.Kc1 Rg1 32.Kd2 Rxf1 33.Ke3 Nc6 34.Nc5 a5 35.Nb3 Rh1 36.Nxa5 Ne5 37.Rxb4 Rxh3 38.Nc4 Rxf3+ 39.Ke2 h3 40.Rb8 Rf4 41.Nxe5 Rxe4+ 42.Kd3 Rxe5 43.Rh8 Rd5+ 44.Kc4 Rd2 45.Kc3 Rd8 46.Rxh3 f5 47.b4 f4 48.a4 e5 49.a5 Ke6 50.a6 e4 51.Rh6+ Kf5 52.Rh5+ Kf6 53.a7 e3 54.Rh6+ Kf5 55.Rh5+ Ke4 56.Rh7 f3 57.Re7+ Kf4 58.Rf7+ Kg3 59.Rg7+ Kh3 60.Rd7 Rc8+ 61.Kd3 e2 62.Rh7+ Kg3 63.Rh1 Ra8 64.Ke3 Re8+ 65.Kd3 Kg2 66.Rb1 Ra8 67.Kd4 0-1

[Event "FIDE Grand Swiss 2023"]
[Site "Villa Marina, Douglas, Isle of Man"]
[Date "2023.10.30"]
[Round "6.39"]
[White "Karthikeyan, Murali"]
[Black "Martirosyan, Haik M."]
[Result "1/2-1/2"]
[WhiteElo "2611"]
[BlackElo "2696"]
[EventDate "2023.10.25"]
[PlyCount "88"]
[BlackFideId "13306553"]
[TimeControl "40/100 + 20/50 + 15 + 30s/move"]
[WhiteFideId "5074452"]

1.e4 e5 2.Nf3 Nc6 3.Bb5 Nf6 4.O-O Nxe4 5.d4 Nd6 6.Bxc6 dxc6 7.dxe5 Nf5 8.Qxd8+ Kxd8 9.h3 h5 10.Nc3 Ke8 11.Bf4 Be7 12.Rad1 Nh4 13.Nd4 Nf5 14.Nf3 Nh4 15.Nd4 Nf5 16.Nce2 g5 17.Bh2 Nxd4 18.Nxd4 Rh6 19.Rfe1 Bd8 20.e6 Bxe6 21.Nxe6 Rxe6 22.Rxe6+ fxe6 23.Be5 Rc8 24.g4 hxg4 25.hxg4 Be7 26.Rd3 Rd8 27.Bxc7 Rd5 28.Kf1 c5 29.Ke2 c4 30.Rxd5 exd5 31.f4 gxf4 32.Kf3 Bf6 33.b3 cxb3 34.cxb3 Kf7 35.Kxf4 Kg6 36.Be5 Bg5+ 37.Kf3 a6 38.Ke2 Be7 39.Bf4 Bf8 40.Kd3 Bg7 41.Bd2 Bf6 42.Bc3 Bd8 43.Kd4 Bf6+ 44.Kd3 Bd8 1/2-1/2

[Event "FIDE Grand Swiss 2023"]
[Site "Villa Marina, Douglas, Isle of Man"]
[Date "2023.10.30"]
[Round "6.40"]
[White "Sargissian, Gabriel"]
[Black "Theodorou, Nikolas"]
[Result "1/2-1/2"]
[WhiteElo "2686"]
[BlackElo "2619"]
[EventDate "2023.10.25"]
[ECO "D41"]
[PlyCount "64"]
[BlackFideId "4262875"]
[TimeControl "40/100 + 20/50 + 15 + 30s/move"]
[WhiteFideId "13300881"]

1.d4 Nf6 2.c4 e6 3.Nf3 d5 4.Nc3 c5 5.cxd5 cxd4 6.Qxd4 exd5 7.Bg5 Be7 8.e3 O-O 9.Rd1 Be6 10.Bd3 h6 11.Bh4 Qa5 12.O-O Nc6 13.Qa4 Qxa4 14.Nxa4 g5 15.Bg3 Ne4 16.Nc3 Nxg3 17.hxg3 Bf6 18.Bc2 Rac8 19.Bb3 Bxc3 20.bxc3 Ne7 21.Nd4 Rxc3 22.e4 Rd8 23.Rfe1 dxe4 24.Nxe6 Rxd1 25.Rxd1 fxe6 26.Bxe6+ Kg7 27.Rd7 Kf6 28.Bb3 Nc6 29.Rd6+ Kg7 30.Rd7+ Kf6 31.Rd6+ Kg7 32.Rd7+ Kf6 1/2-1/2

[Event "FIDE Grand Swiss 2023"]
[Site "Villa Marina, Douglas, Isle of Man"]
[Date "2023.10.30"]
[Round "6.41"]
[White "Bachmann, Axel"]
[Black "Amin, Bassem"]
[Result "1/2-1/2"]
[WhiteElo "2604"]
[BlackElo "2680"]
[EventDate "2023.10.25"]
[ECO "E61"]
[PlyCount "61"]
[BlackFideId "10601457"]
[TimeControl "40/100 + 20/50 + 15 + 30s/move"]
[WhiteFideId "3700488"]

1.c4 Nf6 2.Nc3 g6 3.d4 Bg7 4.Nf3 d6 5.Bg5 h6 6.Bh4 g5 7.Bg3 Nh5 8.e3 c5 9.d5 Nxg3 10.hxg3 Bxc3+ 11.bxc3 Kd7 12.Bd3 Kc7 13.Qc2 Qf8 14.Nd2 Qg7 15.Rb1 Nd7 16.Bf5 Re8 17.Qa4 Rd8 18.Qa5+ b6 19.Qa4 Qxc3 20.Rxh6 Ne5 21.Bxc8 Rdxc8 22.Rb3 Qc1+ 23.Ke2 Kb7 24.f4 gxf4 25.gxf4 Rg8 26.Rh2 Qg1 27.fxe5 Qxh2 28.Qc6+ Kb8 29.Rxb6+ axb6 30.Qxb6+ Kc8 31.Qc6+ 1/2-1/2

[Event "FIDE Grand Swiss 2023"]
[Site "Villa Marina, Douglas, Isle of Man"]
[Date "2023.10.30"]
[Round "6.42"]
[White "Gupta, Abhijeet"]
[Black "Shevchenko, Kirill"]
[Result "1-0"]
[WhiteElo "2609"]
[BlackElo "2671"]
[EventDate "2023.10.25"]
[ECO "E73"]
[PlyCount "93"]
[BlackFideId "14129574"]
[TimeControl "40/100 + 20/50 + 15 + 30s/move"]
[WhiteFideId "5010608"]

1.d4 Nf6 2.c4 g6 3.Nc3 Bg7 4.e4 d6 5.Be2 O-O 6.Be3 Na6 7.h3 c6 8.Nf3 e5 9.d5 Nh5 10.O-O Nf4 11.Re1 Nxe2+ 12.Qxe2 f5 13.Bg5 Qd7 14.dxc6 bxc6 15.Rad1 f4 16.Qd2 h6 17.Bxh6 Bxh6 18.Qxd6 Qxd6 19.Rxd6 Bg7 20.Rxc6 Rf6 21.Rxf6 Bxf6 22.Rd1 Nc7 23.b4 Rb8 24.b5 Be6 25.c5 Be7 26.c6 Bb4 27.Nd5 Bxd5 28.exd5 e4 29.d6 Bxd6 30.Rxd6 exf3 31.Rd7 Nxb5 32.a4 Nd6 33.Rxd6 Rb1+ 34.Kh2 Kf7 35.gxf3 Rc1 36.h4 Rc3 37.Kg2 a6 38.Rd4 Rxc6 39.Rxf4+ Kg7 40.Kg3 Rc2 41.Rg4 Kh6 42.Rg5 Rc1 43.Ra5 Rc6 44.f4 Rb6 45.Kg4 Rc6 46.f5 gxf5+ 47.Rxf5 1-0